 Dungeon Crawl Stone Soup version 0.29-a0-194-g6e3aafee17 (webtiles) character file.

Game seed: 13857991416120707679

385734 drugrobin the Warrior (level 21, -6/188 HPs)
             Began as a Demigod Warper on Feb 22, 2022.
             Mangled by a dire elephant (19 damage)
             ... on level 4 of the Vaults on Feb 23, 2022.
             The game lasted 07:18:03 (103362 turns).

drugrobin the Warrior (Demigod Warper)            Turns: 103362, Time: 07:18:04

Health: -6/188     AC: 20    Str: 25    XL:     21   Next: 7%
Magic:  40/43      EV: 16    Int: 39    God:
Gold:   333        SH:  0    Dex: 10    Spells: 6/45 levels left

rFire   . . .      SeeInvis .   a - +9 demon trident (elec)
rCold   . . .      Faith    .   L - orb {guile}
rNeg    + . .      Spirit   .   E - +1 scale mail of the Stone Wall {+Blink Will++ Str-3 Slay+6}
rPois   +          Reflect  .   o - +2 hat {Will+}
rElec   .          Harm     .   R - +2 cloak {Stlth+}
rCorr   .          Rampage  .   N - +2 pair of gloves {hurl}
Will    ++++.                   p - +2 pair of boots {Stlth+}
Stlth   ++........              h - macabre finger necklace {rN+}
HPRegen 0.41/turn               Y - ring of Okawaru's Wrath {Will+ Int+3 Slay+2}
MPRegen 0.28/turn               X - ring "Berchetz" {Fly Int+6}
                                W - ring "Feoffati" {rPois EV+4 Int+3 Dex-3}

@: confused, ambrosia-drunk, flying, studying 2 skills, unable to read
A: high MP 1, forlorn, divine attributes, inability to read while threatened
}: 2/15 runes: serpentine, barnacled
a: Evoke Blink


You were on level 4 of the Vaults.
You visited 9 branches of the dungeon, and saw 41 of its levels.
You visited 1 bazaar.
You also visited: Ice Cave and Wizlab.

You collected 3991 gold pieces.
You spent 3658 gold pieces at shops.

Inventory:

Hand Weapons
 a - a +9 demon trident of electrocution (weapon)
 b - the +6 Majin-Bo {vamp, MP+6 Int+6}
   (You took it off a Hellbinder in a wizard's laboratory)

   It occasionally heals its wielder for a portion of the damage dealt when they
   wound a living foe with it or with a spell.
   Its wielder's spells cost health as well as magical power.
   Int:       It affects your intelligence (+6).
   MP:        It affects your magic capacity (+6).
 c - a +2 spear of venom
 d - the +4 spear of Dullness {antimagic, Str+7 Int-5}
   (You took it off a spriggan on level 15 of the Dungeon)

   It reduces the magical energy of the wielder, and disrupts the spells and
   magical abilities of those it strikes.
   Natural abilities and divine invocations are not affected.
   Str:       It affects your strength (+7).
   Int:       It affects your intelligence (-5).
Missiles
 q - 3 curare-tipped darts
 B - 10 boomerangs of dispersal
 S - 5 throwing nets
Armour
 g - a scarf of repulsion
 o - a +2 hat of willpower (worn)
 p - a +2 pair of boots of stealth (worn)
 E - the +1 scale mail of the Stone Wall (worn) {+Blink Will++ Str-3 Slay+6}
   (You found it on level 3 of the Lair of Beasts)

   Str:       It affects your strength (-3).
   Slay:      It affects your accuracy & damage with ranged weapons and melee
   (+6).
   +Blink:    It lets you blink.
   Will:      It greatly increases your willpower.
 L - an orb of guile (worn)
 N - a +2 pair of gloves of hurling (worn)
 R - a +2 cloak of stealth (worn)
Magical Staves
 e - a staff of cold
Jewellery
 h - the macabre finger necklace (around neck) {rN+}
   (You bought it in a shop on level 1 of the Depths)

   [amulet of nothing]

   It enables you to equip an extra ring.
   rN:        It protects you from negative energy.
 y - the ring of Ethics {rCorr Dex+2 SInv}
   (You bought it in a shop on level 2 of the Orcish Mines)

   [ring of see invisible]

   Dex:       It affects your dexterity (+2).
   SInv:      It lets you see invisible.
   rCorr:     It protects you from acid and corrosion.
 Q - a ring of protection from cold
 V - the ring "Borgh" {rPois rC+ Str+6 Int-5}
   (You took it off a deep elf zephyrmancer on level 2 of the Elven Halls)

   [ring of strength]

   Str:       It affects your strength (+6).
   Int:       It affects your intelligence (-5).
   rC:        It protects you from cold.
   rPois:     It protects you from poison.
 W - the ring "Feoffati" (on amulet) {rPois EV+4 Int+3 Dex-3}
   (You found it in a wizard's laboratory)

   [ring of evasion]

   EV:        It affects your evasion (+4).
   Int:       It affects your intelligence (+3).
   Dex:       It affects your dexterity (-3).
   rPois:     It protects you from poison.
 X - the ring "Berchetz" (right hand) {Fly Int+6}
   (You found it in a wizard's laboratory)

   [ring of intelligence]

   Int:       It affects your intelligence (+6).
   Fly:       It grants you flight.
 Y - the ring of Okawaru's Wrath (left hand) {Will+ Int+3 Slay+2}
   (You found it in an ice cave)

   [ring of willpower]

   Int:       It affects your intelligence (+3).
   Slay:      It affects your accuracy & damage with ranged weapons and melee
   (+2).
   Will:      It increases your willpower.
Wands
 k - a wand of acid (13)
 s - a wand of polymorph (29)
 v - a wand of charming (5)
 G - a wand of mindburst (22)
 P - a wand of iceblast (15) (quivered)
 U - a wand of digging (5)
Scrolls
 f - 3 scrolls of fear
 l - 13 scrolls of teleportation
 n - a scroll of summoning
 t - 6 scrolls of magic mapping
 w - 10 scrolls of fog
 z - 4 scrolls of blinking
 J - 4 scrolls of holy word
Potions
 j - a potion of berserk rage
 r - 2 potions of lignification
 u - 5 potions of curing
 x - 8 potions of might
 A - 2 potions of cancellation
 C - 3 potions of magic
 D - 8 potions of haste
 F - 4 potions of resistance
 I - 5 potions of ambrosia
 T - 4 potions of brilliance
Miscellaneous
 m - a phantom mirror
 H - a tin of tremorstones (2/2)
 K - a piece from Xom's chessboard (15/15)
 O - a phial of floods


   Skills:
 + Level 16.2 Fighting
 - Level 13.7(14.0) Polearms
 - Level 4.0(9.8) Staves
 - Level 0.8 Throwing
 - Level 7.0 Armour
 - Level 7.1 Dodging
 - Level 2.0 Stealth
 + Level 12.7 Spellcasting
 + Level 14.4 Conjurations
 - Level 4.0 Summonings
 - Level 8.5 Translocations
 - Level 14.1 Ice Magic
 + Level 12.7 Earth Magic
 - Level 12.0 Evocations


You had 6 spell levels left.
You knew the following spells:

 Your Spells              Type           Power      Damage    Failure   Level
a - Blink                 Tloc           100%       N/A       1%          2
b - Teleport Other        Tloc           74%        N/A       1%          3
c - Stone Arrow           Conj/Erth      100%       3d13      1%          3
d - Freezing Cloud        Conj/Ice/Air   39%        6-21      1%          5
e - Animate Armour        Summ/Erth      100%       N/A       1%          4
f - Frozen Ramparts       Ice            100%       1d12      1%          3
g - Summon Ice Beast      Ice/Summ       77%        N/A       1%          4
h - Lesser Beckoning      Tloc           74%        N/A       1%          3
i - Hailstorm             Conj/Ice       94%        3d19      1%          4
j - Manifold Assault      Tloc           74%        N/A       2%          5
k - Mephitic Cloud        Conj/Pois/Air  58%        N/A       1%          3

Your spell library contained the following spells:

 Spells                   Type           Power      Damage    Failure   Level
 Magic Dart               Conj           100%       1d8       0%          1
 Sandblast                Erth           100%       2d20      0%          1
 Searing Ray              Conj           100%       2d8       0%          2
 Call Imp                 Summ           54%        N/A       1%          2
 Passwall                 Tmut/Erth      54%        N/A       1%          2
 Static Discharge         Conj/Air       69%        N/A       1%          2
 Gell's Gravitas          Tloc           74%        N/A       1%          3
 Portal Projectile        Hex/Tloc       100%       N/A       1%          3
 Fulminant Prism          Conj/Hex       34%        3d16      1%          4
 Ice Form                 Ice/Tmut       68%        N/A       1%          4
 Sticky Flame             Conj/Fire      69%        2d8       1%          4
 Petrify                  Tmut/Erth      65%        N/A       2%          4
 Sting                    Tmut/Pois      96%        1d7       3%          1
 Poisonous Vapours        Pois/Air       48%        N/A       4%          2
 Summon Forest            Summ/Tloc      32%        N/A       6%          5
 Ignite Poison            Fire/Tmut/Pois 24%        N/A       9%          3
 Summon Lightning Spire   Summ/Air       40%        N/A       13%         4
 Simulacrum               Ice/Necr       34%        N/A       26%         6
 Animate Dead             Necr           12%        N/A       30%         4
 Dispel Undead            Necr           24%        3d12      30%         4
 Olgreb's Toxic Radiance  Pois           24%        N/A       30%         4
 Blade Hands              Tmut           12%        N/A       63%         5
 Excruciating Wounds      Necr           12%        N/A       63%         5
 Eringya's Noxious Bog    Tmut/Pois      12%        N/A       99%         6
 Spellforged Servitor     Conj/Summ      38%        N/A       52%         7
 Lehudib's Crystal Spear  Conj/Erth      46%        10d11     58%         8
 Monstrous Menagerie      Summ           27%        N/A       99%         7
 Summon Hydra             Summ           27%        N/A       99%         7
 Haunt                    Necr/Summ      20%        N/A       100%        7
 Infestation              Necr           12%        N/A       100%        8
 Summon Horrible Things   Summ           27%        N/A       100%        8


Dungeon Overview and Level Annotations

Branches:
Dungeon (15/15)            Temple (0/1) D:4            Lair (6/6) D:11
 Shoals (4/4) Lair:2        Snake (4/4) Lair:2        Slime (0/5) Lair:6
    Orc (2/2) D:12            Elf (3/3) Orc:2        Vaults (4/5) D:14
  Crypt (1/3) Vaults:3     Depths (2/4) D:15          IceCv (visited)
 WizLab (visited)

Shops:
D:4 *   D:7 (   D:8 :   D:9 *   Orc:2 :(*[=::!   Elf:1 (   Snake:3 [
Vaults:3 =   Depths:1 =:=

Portals:
Hell: Depths:1
Abyss: Lair:6
Trove: D:14 (give 4 scrolls of fear)

Annotations:
D:14 exclusion: boulder beetle
Lair:2 Donald, Nikola
Lair:5 exclusion: 4 oklob plants, Nessos
Shoals:3 exclusion: downstairs
Snake:3 Bai Suzhen
Elf:2 5 runed translucent doors


Innate Abilities, Weirdness & Mutations

You have an increased reservoir of magic. (+10% MP)
You shall have no god before yourself.
Your divine heritage dramatically boosts your attributes as you level up.
You sometimes lose the ability to read scrolls when taking damage.


Message History

Unknown command.
Unknown command.
Unknown command.
The dire elephant trumpets!
You impale the yaktaur captain!!
Lightning courses through the yaktaur captain!
The yaktaur captain is heavily wounded.
The dire elephant tramples you!
* * * LOW HITPOINT WARNING * * *
You hold your ground!
The dire elephant trunk-slaps you but does no damage.
The dire elephant is engulfed in freezing vapours.
Unknown command.
Unknown command.
Unknown command.
Unknown command.
You are confused.
You feel invigorated. The yaktaur captain hits you!
* * * LOW HITPOINT WARNING * * *
The dire elephant barely misses you.
The dire elephant trunk-slaps you but does no damage.
The dire elephant is engulfed in freezing vapours.
Unknown command.
Unknown command.
Unknown command.
Unknown command.
Unknown command.
Unknown command.
Unknown command.
Unknown command.
Unknown command.
Unknown command.
Okay, then.
Unknown command.
Unknown command.
Unknown command.
You're too confused to move!
The yaktaur captain hits you but does no damage.
The dire elephant tramples you!!
You die...

#§O+ #..#
#.?# #..#
#Y<+ #. #Y°#
#..##+####§§#
#......Y.Y§§#
#....c@Y.§☼§#
#############


You could see 3 dire elephants and a yaktaur captain.

Vanquished Creatures
  Vashnia (Snake:2)
  A caustic shrike (Depths:1)
  A Hellbinder (WizLab)
  Mlioglotl (Snake:3)
  Rupert (Lair:3)
  A sphinx (Vaults:3)
  Kirke (D:13)
  The ghost of drugrobin the Impaler, an adept DgWr (Shoals:4)
  A tengu reaver (Vaults:3)
  Ilsuiw (Shoals:4)
  A fire giant (Depths:1)
  6 nagarajas
  A frost giant (Depths:1)
  A deep elf sorcerer (Elf:1)
  10 vault wardens
  A cacodemon (WizLab)
  An iron dragon (Depths:1)
  Aizul (Snake:2)
  The ghost of Deaus the Severer, an adept VSFi of Gozag (D:15)
  A demonspawn blood saint (WizLab)
  5 ironbound preservers
  2 deep elf elementalists (Elf:1)
  2 war gargoyles
  3 stone giants (Depths:1)
  6 very ugly things
  6 ironbound thunderhulks
  A vampire knight (Vaults:3)
  An entropy weaver (Vaults:1)
  4 dire elephants
  A spark wasp (Depths:1)
  A green death (WizLab)
  6 merfolk javelineers (Shoals:4)
  A crystal guardian (Vaults:2)
  4 ettins
  2 deep elf death magi
  6 yaktaur captains
  7 merfolk impalers
  A deep elf high priest (Elf:1)
  3 great orbs of eyes
  An ice dragon (Depths:1)
  A peacekeeper (Vaults:2)
  4 hell beasts (WizLab)
  2 salamander tyrants
  3 rakshasas
  5 hydras
  16 naga warriors
  2 spriggan air magi (Depths:1)
  An alligator snapping turtle (Shoals:1)
  6 ironbound frosthearts
  9 merfolk aquamancers
  5 boulder beetles
  4 vault guards
  8 centaur warriors
  3 merfolk avatars (Shoals:4)
  6 death yaks (Lair:4)
  11 anacondas
  4 two-headed ogres
  A two-headed ogre (shapeshifter) (Elf:2)
  A deep troll shaman (D:15)
  4 tengu warriors
  A vampire mage (Crypt:1)
  13 dancing weapons
  4 orc high priests (Orc:2)
  A thrashing horror (Lair:6)
  8 deep elf knights
  A soul eater (WizLab)
  A sun demon (WizLab)
  12 naga sharpshooters
  6 shock serpents
  The ghost of Asuyte the Slicer, a journeyman VSVM of Cheibriados (Lair:3)
  3 spriggans (D:15)
  A flayed ghost (Depths:1)
  19 sea snakes
  2 salamander mystics
  A sixfirhy (WizLab)
  A shadow demon (WizLab)
  A glowing orange brain (Vaults:1)
  7 wizards
  6 naga ritualists
  7 deep elf archers
  A lindwurm (shapeshifter) (D:13)
  Pikel (D:6)
  18 deep trolls
  24 deep elf pyromancers
  10 orc knights
  13 ironbound convokers
  15 lindwurms
  15 deep elf zephyrmancers
  8 mana vipers
  25 harpies
  5 necromancers
  6 cyclopes
  7 orc sorcerers
  18 fauns
  43 ugly things
  12 salamanders
  11 manticores
  3 elephants
  13 water nymphs
  14 merfolk sirens
  12 vault sentinels
  32 black mambas
  3 ice statues (IceCv)
  2 torpor snails
  16 naga magi
  2 gargoyles
  6 guardian serpents
  Maggie (D:9)
  2 orange demons (WizLab)
  3 smoke demons
  A rime drake (Lair:6)
  2 komodo dragons (shapeshifter)
  16 cane toads
  A kobold demonologist (D:11)
  2 hellwings (WizLab)
  A tengu conjurer (Depths:1)
  2 efreet
  10 komodo dragons
  An entropy weaver simulacrum (IceCv)
  15 yaktaurs
  An anaconda simulacrum (IceCv)
  3 ice devils (WizLab)
  2 freezing wraiths (D:15)
  A queen bee (shapeshifter) (D:15)
  5 trolls
  An ancient zyme (Lair:6)
  2 meliai (D:14)
  2 red devils (WizLab)
  27 merfolk
  A tarantella (Lair:3)
  A queen bee (D:11)
  3 polar bears
  6 wind drakes
  2 hornets (D:15)
  A tarantella (shapeshifter) (D:15)
  6 snapping turtles
  A large abomination (Lair:6)
  25 slime creatures
  11 dream sheep
  28 blink frogs
  A centaur simulacrum (D:11)
  4 air elementals (Elf:1)
  2 jumping spiders (Lair:3)
  4 ynoxinuls
  8 water elementals
  3 wyverns
  A wraith (D:10)
  3 vampires (Vaults:3)
  58 yaks
  16 humans (D:14)
  3 fire elementals
  3 hogs
  Grum (D:9)
  2 steam dragons
  10 basilisks
  6 vampire mosquitoes
  3 neqoxecs (WizLab)
  A chaos spawn (WizLab)
  2 redbacks (Lair:3)
  2 death yak simulacra
  41 nagas
  Edmund (D:6)
  2 acid dragons
  Duvessa (D:4)
  11 water moccasins
  A floating eye (shapeshifter) (Vaults:2)
  2 sky beasts
  3 black bears
  27 orc warriors
  An ice beast (D:6)
  4 ogres
  13 wolves
  A necrophage (D:6)
  4 boggarts
  2 phantoms
  10 centaurs
  2 kobold brigands
  2 lemures
  3 earth elementals
  11 small abominations (Lair:6)
  10 bullfrogs
  2 gnoll sergeants
  A scorpion (D:4)
  2 cane toad simulacra
  A water moccasin zombie (D:6)
  A glowing shapeshifter simulacrum (Vaults:3)
  Dowan (D:4)
  2 water moccasin skeletons
  8 wights (D:10)
  An elephant simulacrum (IceCv)
  44 killer bees
  6 nameless horrors
  A howler monkey (D:4)
  3 electric eels
  7 centaur zombies
  2 bullfrog zombies
  A jelly (D:6)
  A lava snake (Lair:3)
  3 hounds
  2 gnoll shamans
  19 orc priests
  2 centaur skeletons
  An iron imp (D:7)
  3 iguanas
  25 orc wizards
  Natasha (twice) (D:2)
  7 hell rats (Lair:3)
  A polar bear simulacrum (IceCv)
  2 wolf simulacra (IceCv)
  A hound skeleton (D:4)
  27 gnolls
  11 adders
  2 howler monkey skeletons
  An ufetubus (Vaults:3)
  2 worms
  64 orcs
  8 bats
  8 endoplasms
  A giant cockroach (D:1)
  6 hobgoblins
  5 jackals
  6 quokkas
  9 ball pythons
  4 frilled lizards
  2 goblins
  10 kobolds
  3 rats
1416 creatures vanquished.

Vanquished Creatures (collateral kills)
  A nagaraja (Snake:2)
  A tengu reaver (Vaults:1)
  A cacodemon (WizLab)
  3 ironbound thunderhulks
  2 merfolk impalers
  A yaktaur captain (Vaults:3)
  A peacekeeper (D:14)
  A boulder beetle (D:13)
  A merfolk avatar (Shoals:4)
  A centaur warrior (D:14)
  3 alligator snapping turtles (Shoals:4)
  A tengu warrior (D:15)
  A thrashing horror (Lair:6)
  A naga sharpshooter (Snake:4)
  A deep elf knight (Elf:1)
  An iron troll (D:15)
  3 sea snakes (Shoals:2)
  A deep troll (Vaults:2)
  2 harpies (Shoals:1)
  An ironbound convoker (Vaults:3)
  A wolf spider (Lair:3)
  A salamander (Snake:1)
  3 ugly things
  A merfolk siren (Shoals:4)
  A yaktaur (Vaults:1)
  2 merfolk (Shoals:4)
  A blink frog (Lair:5)
  2 slime creatures
  A water elemental (Shoals:1)
  2 humans (D:14)
  8 yaks
  2 chaos spawn (Lair:6)
  A neqoxec (WizLab)
  A fire elemental (Elf:1)
  2 nagas
  A water moccasin (Lair:3)
  A large abomination (Lair:6)
  An ogre (D:12)
  A wolf (Lair:6)
  A centaur (D:14)
  2 orcs (Orc:1)
64 creatures vanquished.

Vanquished Creatures (others)
  A meliai (D:14)
  A human (D:14)
  An orc (Orc:1)
  6 bushes
  62 fungi
  281 plants
352 creatures vanquished.

Grand Total: 1832 creatures vanquished

Notes
Turn   | Place    | Note
-------+----------+-------------------------------------------
     0 | D:1      | drugrobin the Demigod Warper began the quest for the Orb.
     0 | D:1      | Reached XP level 1. HP: 17/17 MP: 5/5
   887 | D:1      | Reached XP level 2. HP: 23/24 MP: 7/7
  1262 | D:1      | Learned a level 2 spell: Blink
  1801 | D:2      | Noticed Natasha
  1810 | D:2      | Killed Natasha
  1811 | D:2      | Reached XP level 3. HP: 27/29 MP: 6/8
  2020 | D:2      | Identified the +5 whip of the Pill Bug {drain, *Slow rN+
                  | rCorr}
  2132 | D:2      | Noticed Natasha
  2142 | D:2      | Killed Natasha
  2143 | D:2      | Reached XP level 4. HP: 36/36 MP: 7/9
  2658 | D:3      | Reached skill level 1 in Stealth
  3048 | D:3      | Learned a level 3 spell: Teleport Other
  3246 | D:3      | Reached XP level 5. HP: 29/41 MP: 10/10
  3251 | D:3      | Learned a level 3 spell: Stone Arrow
  3681 | D:3      | Identified the +5 hunting sling of Latuet {freeze, *Corrode
                  | rPois rF+ Str+2}
  3869 | D:3      | Reached skill level 1 in Conjurations
  4179 | D:4      | Noticed Duvessa
  4365 | D:4      | Noticed an ogre
  4383 | D:4      | Reached XP level 6. HP: 38/47 MP: 8/11
  4756 | D:4      | Noticed Dowan
  4771 | D:4      | Killed Dowan
  4776 | D:4      | Found Musil's General Store.
  4776 | D:4      | Killed Duvessa
  4814 | D:4      | Bought a scroll of identify for 22 gold pieces
  4869 | D:4      | Reached skill level 5 in Translocations
  4869 | D:4      | Reached XP level 7. HP: 53/53 MP: 13/13
  4923 | D:4      | Found a staircase to the Ecumenical Temple.
  4938 | D:4      | Reached skill level 5 in Polearms
  5576 | D:5      | Entered Level 5 of the Dungeon
  6068 | D:5      | Reached XP level 8. HP: 44/60 MP: 9/15
  7122 | D:6      | Learned a level 3 spell: Gell's Gravitas
  7187 | D:6      | Reached skill level 2 in Fighting
  7226 | D:6      | Noticed Edmund
  7807 | D:6      | Noticed Pikel
  8725 | D:6      | Reached skill level 5 in Conjurations
  8787 | D:6      | Killed Pikel
  8788 | D:6      | Reached skill level 3 in Fighting
  8788 | D:6      | Reached skill level 1 in Earth Magic
  8788 | D:6      | Reached XP level 9. HP: 71/71 MP: 10/17
  8895 | D:6      | Killed Edmund
  9401 | D:6      | Reached skill level 4 in Fighting
 11168 | D:7      | Reached skill level 5 in Fighting
 11282 | D:7      | Found Doriechargh's Antique Weapon Boutique.
 11513 | D:8      | Found Maiziona's Book Boutique.
 12536 | D:9      | Noticed Maggie
 12653 | D:8      | Reached skill level 1 in Evocations
 12711 | D:9      | Noticed Grum
 13169 | D:9      | Killed Grum
 13451 | D:9      | Found Momoum's Assorted Antiques.
 13489 | D:9      | Reached XP level 10. HP: 68/81 MP: 2/18
 13512 | D:9      | Reached skill level 5 in Earth Magic
 13548 | D:9      | Bought a scroll labelled YPRIPI KAONNI for 31 gold pieces
 14163 | D:9      | Killed Maggie
 15090 | D:10     | Entered Level 10 of the Dungeon
 16115 | D:11     | Noticed a two-headed ogre
 16144 | D:10     | Killed a two-headed ogre
 16579 | D:10     | Reached XP level 11. HP: 51/86 MP: 18/21
 16746 | D:11     | Reached skill level 5 in Evocations
 18736 | D:11     | Noticed a boulder beetle
 18789 | D:11     | Reached skill level 5 in Spellcasting
 19065 | D:11     | Noticed a boulder beetle
 19081 | D:11     | Killed a boulder beetle
 19621 | D:11     | Noticed a two-headed ogre
 19658 | D:11     | Killed a two-headed ogre
 19687 | D:11     | Reached skill level 1 in Staves
 20362 | D:11     | Found a staircase to the Lair.
 20699 | D:12     | Noticed a two-headed ogre
 21576 | D:12     | Found a staircase to the Orcish Mines.
 21790 | D:12     | Reached XP level 12. HP: 91/95 MP: 25/25
 21986 | D:12     | Reached skill level 6 in Fighting
 23349 | D:13     | Reached skill level 10 in Conjurations
 23527 | D:14     | Noticed a centaur warrior
 23806 | D:14     | Killed a centaur warrior
 24065 | D:14     | Noticed a rakshasa
 24763 | D:14     | Noticed a boulder beetle
 24775 | D:14     | Killed a rakshasa
 25375 | D:14     | Reached skill level 7 in Fighting
 25496 | D:14     | Noticed Louise
 25580 | Lair:1   | Entered Level 1 of the Lair of Beasts
 26799 | Lair:2   | Learned a level 4 spell: Animate Armour
 27036 | Lair:2   | Found a frozen archway.
 27138 | IceCv    | Entered an ice cave
 27466 | IceCv    | Identified the ring of Okawaru's Wrath {Will+ Int+3 Slay+2}
 28341 | IceCv    | Reached XP level 13. HP: 18/105 MP: 0/26
 29071 | Lair:2   | Found a staircase to the Snake Pit.
 29949 | Lair:2   | Found a staircase to the Shoals.
 30459 | Lair:3   | Found a runed translucent door.
 30775 | Lair:3   | Found a runed translucent door.
 30775 | Lair:3   | Noticed Asuyte's ghost (journeyman VSVM)
 30896 | Lair:3   | Killed Asuyte's ghost
 30912 | Lair:3   | Learned a level 3 spell: Frozen Ramparts
 30997 | Lair:3   | Reached skill level 1 in Ice Magic
 31240 | Lair:3   | Reached skill level 8 in Fighting
 31449 | Lair:3   | Identified the +1 scale mail of the Stone Wall {+Blink
                  | Will++ Str-3 Slay+6}
 32486 | Lair:3   | Noticed Rupert
 33125 | Lair:4   | Reached skill level 1 in Summonings
 33557 | Lair:4   | Reached skill level 5 in Ice Magic
 35266 | Lair:4   | Reached skill level 9 in Fighting
 35561 | Lair:4   | Learned a level 4 spell: Summon Ice Beast
 35982 | Lair:4   | Reached XP level 14. HP: 28/118 MP: 27/27
 36357 | Lair:5   | You fall into a shaft and drop 1 floor!
 36357 | Lair:6   | Entered Level 6 of the Lair of Beasts
 36357 | Lair:6   | Found a staircase to the Slime Pits.
 36976 | Lair:6   | Noticed Nessos
 36983 | Lair:5   | Noticed Nessos
 36983 | Lair:5   | Nessos changed into Nessos the mana viper
 37562 | Lair:6   | Learned a level 3 spell: Lesser Beckoning
 39839 | Lair:6   | Identified the ring "Ixzus" {rF- rCorr Str+6 Slay+3}
 40690 | Lair:6   | Found a one-way gate to the infinite horrors of the Abyss.
 40990 | D:8      | Bought a book of the Tundra for 510 gold pieces
 41113 | D:14     | Noticed Louise
 41113 | D:14     | Louise changed into Louise the slime creature
 41117 | D:14     | Killed Louise the slime creature
 41229 | Lair:3   | Killed Rupert
 41886 | Lair:3   | Found a runed translucent gate.
 41886 | Lair:3   | Found a runed translucent gate.
 41886 | Lair:3   | Found a runed translucent gate.
 41886 | Lair:3   | Found a runed translucent gate.
 41886 | Lair:3   | Found a runed translucent gate.
 41886 | Lair:3   | Found a runed translucent gate.
 42117 | Lair:3   | HP: 3/118 [wolf spider (6)]
 42487 | Lair:3   | Reached skill level 1 in Armour
 42718 | Orc:1    | Entered Level 1 of the Orcish Mines
 44263 | Orc:2    | Entered Level 2 of the Orcish Mines
 44310 | Orc:2    | Reached skill level 10 in Evocations
 44366 | Orc:2    | Found Zyoqu's Armour Boutique.
 44369 | Orc:2    | Found Imoleginn's Weapon Boutique.
 44375 | Orc:2    | Found Emushese's Self-Improvement Boutique.
 44379 | Orc:2    | Found a staircase to the Elven Halls.
 44410 | Orc:2    | Bought a +1 spear of venom for 148 gold pieces
 44696 | Orc:2    | Found Atiwyn's General Store.
 45788 | Orc:2    | Found Puce's Jewellery Boutique.
 45788 | Orc:2    | Found Wusowkoe's Book Emporium.
 45790 | Orc:2    | Found Sial's Book Boutique.
 45790 | Orc:2    | Found Pangy's Distillery.
 45796 | Orc:2    | Bought the ring of Ethics {rCorr Dex+2 SInv} for 445 gold
                  | pieces
 45799 | Orc:2    | Bought a potion of heal wounds for 65 gold pieces
 45799 | Orc:2    | Bought a potion of heal wounds for 65 gold pieces
 45799 | Orc:2    | Bought a potion of heal wounds for 65 gold pieces
 45879 | Orc:2    | Bought a +0 pair of gloves of hurling for 172 gold pieces
 45902 | Elf:1    | Entered Level 1 of the Elven Halls
 46458 | Elf:1    | Noticed a deep elf elementalist
 46560 | Elf:1    | Killed a deep elf elementalist
 47020 | D:14     | Reached XP level 15. HP: 125/125 MP: 31/31
 47088 | D:14     | Found a gate to the Vaults.
 47858 | D:13     | Learned a level 4 spell: Hailstorm
 48200 | D:14     | Noticed Kirke
 48266 | D:13     | Killed Kirke
 49169 | D:14     | Found a portal to a secret trove of treasure.
 49242 | D:15     | Entered Level 15 of the Dungeon
 49249 | D:15     | Reached skill level 10 in Ice Magic
 49929 | D:15     | Found a staircase to the Depths.
 51088 | D:15     | Found a runed translucent door.
 51091 | D:15     | Noticed Deaus's ghost (adept VSFi)
 51091 | D:15     | Identified the +4 spear of Dullness {antimagic, Str+7
                  | Int-5}
 52037 | D:15     | Killed Deaus's ghost
 52234 | Depths:1 | Entered Level 1 of the Depths
 52273 | Depths:1 | Found a flickering gateway to a bazaar.
 52294 | Bazaar   | Entered a bazaar
 52301 | Bazaar   | Found Vamouv's Assorted Antiques.
 52339 | Bazaar   | Found Ribro's Jewellery Boutique.
 52353 | Bazaar   | Found Usom's Assorted Antiques.
 52363 | Bazaar   | Bought a scroll labelled BYGUBU FOSIR for 19 gold pieces
 52363 | Bazaar   | Bought a jade ring for 95 gold pieces
 52375 | Bazaar   | Found Cetuod's Antique Weapon Boutique.
 52383 | Bazaar   | Bought a transparent war axe for 187 gold pieces
 52383 | Bazaar   | Identified the +9 war axe of Drought {vorpal, rPois rCorr
                  | Str+4 Dex+3 Stlth-} (You bought it in a shop in a bazaar)
 52391 | Bazaar   | Found Zigu's Antique Armour Shop.
 52499 | Bazaar   | Bought a scroll of teleportation for 69 gold pieces
 52499 | Bazaar   | Bought a scroll of blinking for 172 gold pieces
 52499 | Bazaar   | Bought a wand of iceblast (5) for 92 gold pieces
 52512 | Bazaar   | Bought a scroll of magic mapping for 80 gold pieces
 52512 | Bazaar   | Bought a scroll of enchant armour for 172 gold pieces
 52579 | Bazaar   | Bought a scroll of teleportation for 57 gold pieces
 53415 | Depths:1 | Reached skill level 10 in Polearms
 54078 | Shoals:1 | Entered Level 1 of the Shoals
 54584 | Shoals:1 | Noticed Nikola
 55080 | Shoals:1 | Noticed Donald
 55631 | Shoals:2 | Reached XP level 16. HP: 115/132 MP: 20/33
 58885 | Shoals:2 | Identified the +0 scale mail of Nethis {-Tele rN+ Will++}
 60614 | Shoals:3 | Reached skill level 10 in Spellcasting
 61372 | Shoals:4 | Entered Level 4 of the Shoals
 62023 | Shoals:4 | Noticed Ilsuiw
 62206 | Shoals:4 | Learned a level 5 spell: Manifold Assault
 64724 | Shoals:4 | Found a runed translucent door.
 65565 | Shoals:4 | Learned a level 3 spell: Mephitic Cloud
 65573 | Shoals:4 | Noticed drugrobin's ghost (adept DgWr)
 65702 | Shoals:4 | Got a barnacled rune of Zot
 66607 | Shoals:4 | Killed Ilsuiw
 66608 | Shoals:4 | Reached XP level 17. HP: 133/139 MP: 24/37
 67490 | Shoals:4 | Identified the ring "Qusiffob" {Contam rC++ rN+ Str+2
                  | Dex+6}
 67533 | Shoals:4 | Reached skill level 10 in Fighting
 68859 | Shoals:4 | Killed drugrobin's ghost
 68864 | Shoals:4 | Identified the +3 leather armour "Anoll" {+Inv rPois}
 69113 | Elf:1    | Paralysed by an air elemental for 1 turns
 69117 | Elf:1    | Paralysed by an air elemental for 1 turns
 71679 | Elf:1    | Found Foonk's Weapon Shoppe.
 72829 | Elf:2    | Paralysed by an air elemental for 1 turns
 72832 | Elf:2    | Paralysed by an air elemental for 1 turns
 72840 | Elf:2    | Paralysed by an air elemental for 1 turns
 73354 | Elf:2    | Paralysed by an air elemental for 1 turns
 73411 | Elf:2    | Paralysed by an air elemental for 1 turns
 73417 | Elf:1    | Paralysed by an air elemental for 1 turns
 73420 | Elf:1    | Paralysed by an air elemental for 1 turns
 74749 | Elf:2    | Identified the ring "Borgh" {rPois rC+ Str+6 Int-5}
 74754 | Elf:2    | Reached skill level 11 in Fighting
 76408 | Elf:2    | Found a huge runed translucent gate.
 76408 | Elf:2    | Found a huge runed translucent gate.
 76409 | Elf:2    | Found a huge runed translucent gate.
 76411 | Elf:2    | Found a huge runed translucent gate.
 76416 | Elf:2    | Found a huge runed translucent gate.
 76511 | Elf:3    | Entered Level 3 of the Elven Halls
 76742 | Snake:1  | Entered Level 1 of the Snake Pit
 77344 | Vaults:1 | Entered Level 1 of the Vaults
 77362 | Vaults:1 | HP: 4/144 [vault warden/bolt (22)]
 78771 | D:14     | Learned a level 5 spell: Freezing Cloud
 80394 | Vaults:1 | Reached XP level 18. HP: 107/154 MP: 37/40
 81037 | Vaults:1 | Reached skill level 12 in Fighting
 83620 | Vaults:2 | Reached skill level 5 in Dodging
 84256 | Vaults:2 | Reached skill level 5 in Armour
 85351 | Vaults:3 | Found a magical portal.
 85356 | WizLab   | Entered The Hall of the Hellbinder
 85615 | WizLab   | Gained mutation: You sometimes lose the ability to read
                  | scrolls when taking damage. [a neqoxec]
 86281 | WizLab   | Got the Handbook of the Entourage
 86299 | WizLab   | Noticed Acviseb
 86314 | WizLab   | Killed Acviseb the Hellbinder
 86643 | WizLab   | Identified the ring "Berchetz" {Fly Int+6}
 86647 | WizLab   | Got the Grimoire of Creation
 86648 | WizLab   | Identified the ring of Ifeopsos {Wiz rC- Dex+7 Stlth+}
 86672 | WizLab   | Reached XP level 19. HP: 162/162 MP: 41/41
 86702 | WizLab   | Identified the ring "Feoffati" {rPois EV+4 Int+3 Dex-3}
 87649 | Vaults:3 | Identified the +10 flail "Concordance" {antimagic, Str+6}
 88741 | Vaults:3 | Found Xarac's Jewellery Emporium.
 88851 | Vaults:3 | Reached skill level 10 in Earth Magic
 88853 | Vaults:3 | Reached XP level 20. HP: 70/170 MP: 26/42
 89245 | Vaults:3 | Got the Compendium of Contamination and Earth
 89667 | Depths:1 | Found a gateway to Hell.
 89879 | Depths:1 | Found Kawalyxi's Jewellery Shoppe.
 89879 | Depths:1 | Found Baecs's Book Shop.
 89881 | Depths:1 | Found Sotopawk's Jewellery Shoppe.
 89886 | Depths:1 | Bought the macabre finger necklace {rN+} for 680 gold
                  | pieces
 89886 | Depths:1 | Found the macabre finger necklace {rN+}
 90196 | Depths:1 | Noticed a caustic shrike
 90325 | Depths:1 | Killed a caustic shrike
 90710 | Depths:1 | Identified the +7 hand crossbow "Mairruonk" {venom, rN+
                  | Will++ Str-3 Int+2}
 90711 | Depths:1 | Identified the +4 shortbow of the Seven Scars {speed,
                  | *Corrode Fly rC+++ rN+}
 90717 | Depths:1 | Identified the +9 scale mail of Gozag's Grace {Rampage
                  | Drain Int+9 Dex-4}
 90808 | Depths:1 | Reached skill level 13 in Fighting
 94713 | Snake:1  | Reached skill level 14 in Fighting
 95602 | Snake:2  | Noticed Vashnia
 95820 | Snake:2  | Killed Vashnia
 96303 | Snake:2  | Noticed Aizul
 96681 | Snake:2  | Killed Aizul
 97310 | Snake:3  | Found Vuchos's Antique Armour Shoppe.
 97319 | Snake:3  | Bought a glowing hat for 224 gold pieces
 97319 | Snake:3  | Bought a spiked scale mail for 288 gold pieces
 97319 | Snake:3  | Identified the +1 scale mail "Boerer" {rPois rN+ Int+4}
                  | (You bought it in a shop on level 3 of the Snake Pit)
 97492 | Snake:3  | Noticed Bai Suzhen
 97715 | Snake:3  | Reached skill level 15 in Fighting
 97753 | Snake:3  | Noticed Mlioglotl
 97768 | Snake:3  | Killed Mlioglotl
 98013 | Snake:4  | Entered Level 4 of the Snake Pit
101315 | Snake:4  | Identified the +1 leather armour of Jatri {Rampage rF+
                  | Int-2}
101633 | Snake:4  | Got a serpentine rune of Zot
102452 | Vaults:3 | Reached skill level 16 in Fighting
102639 | Vaults:3 | Reached XP level 21. HP: 167/188 MP: 29/43
103243 | Vaults:3 | Found a staircase to the Crypt.
103309 | Crypt:1  | Entered Level 1 of the Crypt
103362 | Vaults:4 | Mangled by a dire elephant

Illustrated notes

Levels and vault maps discovered:
D:1:      giann_forest_graveyard, layout_loops_corners,
          nicolae_ecumenical_lake_church
D:2:      wad_lake_hut, layout_loops_ring, uniq_natasha
D:3:      minmay_bubble_buster, layout_loops_ring, hex_large,
          minmay_misc_feat_doors, saegor_snake_ambush
D:4:      layout_rooms, nicolae_gozag_seed_capital, minmay_temple_entry_slanted,
          serial_shops, nicolae_shop_temple_entry_statues_fountains,
          guppyfry_early_lair_pool, uniq_duvessa
D:5:      layout_loops_ring, mainiacjoe_overflow_large_starburst, minivault_27
D:6:      layout_layer_cave, okawaru_metal_pillars_3, kennysheep_orc_sif_temple,
          uniq_pikel, uniq_edmund
D:7:      layout_loops_corners, lemuel_coloured_pillars_altar,
          amcnicky_altar_gilded, slow_altar_2, serial_shops,
          kennysheep_mini_moat, kennysheep_potato
D:8:      layout_rooms, serial_shops, shop
D:9:      layout_loops_ring, serial_shops, nicolae_inconvenience_store,
          uniq_maggie, uniq_grum
D:10:     layout_cross, minitemple
D:11:     regret_index_bee_streams, layout_cave_pools, lair_entry_dummy,
          nicolae_zen_rock_garden, nicolae_dithmenos_the_darkroom
D:12:     layout_basic, minmay_orc_entry_temple_small
D:13:     layout_rooms
D:14:     layout_loops_corners, grunt_vaults_entry_tiered,
          infiniplex_staircase_split_hallway, enter_trove_6,
          nicolae_wu_jian_wuxing_cycle, uniq_louise, uniq_kirke
D:15:     hangedman_depths_entry_civil_slaughter, layout_layer_cave,
          small_statue_intersection, ebering_ghost_funeral_grove
Lair:1:   layout_cave_pods, grunt_megastairs_2
Lair:2:   layout_layer_cave, elwin_shoals_entry_stream,
          guppyfry_snake_entry_garden, portal_ice_cave_entry_ice_simulacra
Lair:3:   gammafunk_indiana_jones, layout_layer_cave, serial_forest,
          infiniplex_forest_end_3, infiniplex_forest_clump_small,
          infiniplex_forest_clump_double, infiniplex_forest_end_1,
          infiniplex_forest_straight_4, infiniplex_forest_lined_4_way,
          infiniplex_forest_split, gammafunk_ghost_grave, st_stairs_4,
          chequers_serial_rivers_room_b, lemuel_fruit_tree, uniq_rupert
Lair:4:   layout_roguey
Lair:5:   layout_misc_corridors, dpeg_oklob_1
Lair:6:   hellmonk_lair_end_abyssal_woods, layout_loops_ring, slime_altar_1,
          st_stairs_9, gammafunk_lair_bear_cave, uniq_nessos
Shoals:1: layout_shoals, uniq_donald, uniq_nikola
Shoals:2: cheibrodos_shoals_three_sisters, layout_shoals,
          nicolae_shoals_lost_giant_pillars
Shoals:3: layout_shoals
Shoals:4: shoals_end_hangedman, layout_shoals, shoals_ilsuiw_ice,
          ebering_ghost_inner_flame
Snake:1:  layout_basic
Snake:2:  layout_gridlike, nicolae_snake_springs, uniq_aizul, uniq_vashnia
Snake:3:  layout_honeycomb, serial_shops, shop, serial_bayou,
          serial_bayou_shore_b, serial_bayou_pond_d, serial_bayou_pond_e,
          serial_bayou_shore_a, uniq_bai_suzhen, uniq_mlioglotl
Snake:4:  minmay_snake_end_coiled, layout_misc_corridors
Orc:1:    layout_diamond_mine, nicolae_orc_damp_corner, nicolae_orc_lost_temple
Orc:2:    grunt_orc_tribal_feast, layout_diamond_mine, serial_shops, shop, shop,
          shop, nicolae_shop_self_help
Elf:1:    eino_elf_arrival_altar, layout_loops_corners, serial_shops,
          nicolae_shop_statue_plus, kennysheep_underground_church,
          nicolae_elf_variegated_diamond
Elf:2:    elven_hall_of_blades_hangedman_alternative
          [nicolae_blade_entry_crossed_weapons], layout_geoelf_grid, basic_altar
Elf:3:    minmay_elf_hall_furrowed, layout_rooms, serial_aquarium,
          aquarium_bridge_square [aquarium_subvault_bridge,
          aquarium_subvault_wall, aquarium_subvault_wall,
          aquarium_subvault_bridge], aquarium_window_corner, aquarium_window_3,
          aquarium_window_2, aquarium_view_2d, roderic_lattice_octagonal_star
Vaults:1: vaults_room_octagon, vaults_room_ringed_pool,
          ontoclasm_vaults_decontamination, nicolae_vaults_rhombus_7,
          hangedman_vaults_locks, ontoclasm_vaults_fault, v_alt_pattern_3,
          v_misc_28, grunt_vaults_trifunnel, vaults_dpeg_encased_lava,
          nicolae_vaults_what_the_h, hangedman_vaults_nails,
          dpeg_vaults_monster_row, vaults_dpeg_diagonal,
          layout_vaults_maze_snakey
Vaults:2: v_misc_18, nicolae_vaults_ring_of_whatevers, v_misc_33,
          vaults_room_boxed, vaults_dpeg_ring, ontoclasm_vaults_eye,
          v_pattern_3, ontoclasm_vaults_ring_small, layout_vaults_ring
Vaults:3: mu_enter_wizlab_2, serial_ice_g, minmay_crypt_entry_vampire_xt,
          vaults_room_grunt_arrival_ludios, nicolae_vaults_border_crossing,
          ontoclasm_vaults_gateway, st_lattice, vaults_mumra_minichess,
          vaults_room_hallway, layout_vaults_big_room, serial_shops,
          nicolae_shop_temple_entry_statues_fountains
Vaults:4: v_alt_pattern_6, v_misc_11, vaults_room_semicircle,
          nicolae_vaults_little_ls, v_rooms_1, ontoclasm_vaults_shuriken,
          grunt_vaults_twisty, v_misc_9, v_misc_5, v_misc_16,
          nicolae_vaults_theta, nicolae_vaults_statue_guard,
          nicolae_vaults_rhombus_6, grunt_vaults_diagonal,
          nicolae_vaults_specimen_jars, layout_vaults_omnicross, serial_shops,
          bzr_entry_dummy
Crypt:1:  layout_rooms, serial_co_window_serial, co_window_corner_a,
          co_window_of_opportunity_a, co_window_corner_a, co_window_paths_a,
          co_window_corner_a, co_window_paths_a, co_window_corner_a,
          co_window_of_opportunity_b, co_window_2corner,
          co_window_unsneaky_path_c, co_window_corner_ca, co_window_4corner_a,
          co_window_paths_d, glass_columns_b, glass_columns_a, glass_columns_b,
          uniq_khufu, uniq_boris
Depths:1: minmay_the_grid_triangle_9x9_rhombus_thin_mashed
          [minmay_the_grid_triangle_9x9_sparse_checkered,
          minmay_the_grid_triangle_9x9_prize_insulated,
          minmay_the_grid_triangle_9x9_dagger,
          minmay_the_grid_triangle_9x9_zippers_horizontal], layout_gridlike,
          serial_shops, bzr_entry_gold, minmay_misc_feat_alley, hell_entry,
          xom_teletrap_fun, minmay_shop_grove
Depths:2: regret_index_dithmenos_brocken_genspenst, layout_gridlike,
          enter_ziggurat_e, rand_demon_pan_entry_9,
          chequers_serial_rivers_small_3, hell_entry, kennysheep_random_hallway,
          infiniplex_staircase_zigzag_2, uniq_sojobo

Skill      XL: |  1  2  3  4  5  6  7  8  9 10 11 12 13 14 15 16 17 18 19 20 |
---------------+-------------------------------------------------------------+-----
Polearms       | 2 3 4 5 8 10 13 | 13.7
Translocations | 3 4 5 6 7 8 |  8.5
Stealth        | 1 2 |  2.0
Spellcasting   | 2 3 4 6 7 8 11 12 | 12.7
Conjurations   | 1 2 3 5 7 8 9 10 11 12 14 | 14.4
Dodging        | 3 6 7 |  7.1
Fighting       | 3 5 7 9 11 12 16 | 16.2
Earth Magic    | 1 4 6 8 9 10 12 | 12.7
Evocations     | 2 4 6 8 9 10 11 12 | 12.0
Staves         | 2 4 |  4.0
Ice Magic      | 6 8 11 13 14 | 14.1
Summonings     | 3 4 |  4.0
Armour         | 2 3 6 7 |  7.0
Throwing       | |  0.8

Action                   |  1- 3 |  4- 6 |  7- 9 | 10-12 | 13-15 | 16-18 | 19-21 || total
-------------------------+-------+-------+-------+-------+-------+-------+-------++-------
Melee: Spear             |    26 |    28 |    65 |       |    18 |    32 |       ||   169
       Short sword       |    40 |   134 |   150 |   104 |    34 |       |       ||   462
       Punch             |     1 |     1 |       |       |       |       |       ||     2
       Trident           |       |       |   141 |   228 |   255 |       |       ||   624
       Staff             |       |       |    20 |   300 |   337 |    30 |    11 ||   698
       Unarmed           |       |       |     3 |       |       |       |       ||     3
       Hunting sling     |       |       |       |     1 |       |       |       ||     1
       Broad axe         |       |       |       |       |     2 |       |       ||     2
       Demon trident     |       |       |       |       |   497 |  1307 |   675 ||  2479
       Quarterstaff      |       |       |       |       |       |       |    72 ||    72
 Fire: Hunting sling     |       |    21 |    86 |    39 |       |       |       ||   146
Throw: Stone             |     3 |    13 |     3 |     1 |       |       |       ||    20
       Dart              |       |     3 |    14 |    21 |     2 |     4 |     1 ||    45
       Boomerang         |       |       |     2 |     1 |     1 |     9 |       ||    13
       Javelin           |       |       |       |     5 |       |       |       ||     5
 Cast: Blink             |     2 |     1 |    23 |    50 |    55 |    32 |    26 ||   189
       Teleport Other    |       |     3 |    16 |    28 |    26 |    30 |    16 ||   119
       Stone Arrow       |       |       |    57 |   252 |   261 |    63 |    88 ||   721
       Gell's Gravitas   |       |       |     7 |     7 |    26 |     7 |       ||    47
       Frozen Ramparts   |       |       |       |       |    21 |    23 |    22 ||    66
       Animate Armour    |       |       |       |       |    45 |    44 |     5 ||    94
       Summon Ice Beast  |       |       |       |       |    57 |    73 |    18 ||   148
       Hailstorm         |       |       |       |       |     2 |     8 |    10 ||    20
       Lesser Beckoning  |       |       |       |       |     1 |     7 |    12 ||    20
       Manifold Assault  |       |       |       |       |       |    66 |    78 ||   144
       Freezing Cloud    |       |       |       |       |       |    34 |    96 ||   130
       Mephitic Cloud    |       |       |       |       |       |     5 |     1 ||     6
Evoke: Wand              |       |       |     1 |     7 |    23 |    25 |     2 ||    58
       Phial of floods   |       |       |       |       |     4 |     2 |     2 ||     8
       Piece from Xom's  |       |       |       |       |     1 |     7 |     6 ||    14
       Phantom mirror    |       |       |       |       |     1 |     2 |     2 ||     5
       Tin of tremorston |       |       |       |       |       |       |     1 ||     1
  Use: Scroll            |       |     5 |     9 |    13 |    10 |     7 |     2 ||    46
       Potion            |       |       |     1 |     3 |     4 |     9 |     8 ||    25
 Stab: Sleeping          |     1 |     4 |       |       |       |     3 |     6 ||    14
       Distracted        |       |       |     2 |       |     7 |     4 |     1 ||    14
       Confused          |       |       |       |       |       |     2 |       ||     2
       Invisible         |       |       |       |       |       |     1 |       ||     1
Armor: Leather armour    |    14 |    47 |   101 |       |       |       |       ||   162
       Skin              |       |       |     5 |       |       |       |       ||     5
       Animal skin       |       |       |     3 |     1 |       |       |       ||     4
       Swamp dragon scal |       |       |       |   283 |    33 |       |       ||   316
       Chain mail        |       |       |       |    17 |       |       |       ||    17
       Scale mail        |       |       |       |       |   371 |   332 |   165 ||   868
Dodge: Dodged            |    26 |    73 |   263 |   389 |   490 |   343 |   302 ||  1886
Block: Orb               |       |       |    30 |   160 |    60 |   118 |     4 ||   372
       Reflection        |       |       |       |     8 |     4 |    21 |       ||    33
       Buckler           |       |       |       |       |       |    44 |       ||    44
       Other             |       |       |       |       |       |       |     5 ||     5

Table legend: (Time is in decaauts)
 A = Elapsed time spent in this place.
 B = Non-inter-level travel time spent in this place.
 C = Inter-level travel time spent in this place.
 D = Time resting spent in this place.
 E = Time spent auto-exploring this place.
 F = Levels seen in this place.
 G = Mean time per level.
                   A        B        C        D        E       F      G
               +--------+--------+--------+--------+--------+-----+--------+
         Total | 102699 |  97295 |   5404 |  42763 |  28308 |  44 | 2334.1 |
       Dungeon |  34419 |  32073 |   2346 |  11103 |  13166 |  15 | 2294.6 |
          Lair |  17255 |  16261 |    994 |   7345 |   5600 |   6 | 2875.8 |
        Shoals |  14137 |  13697 |    440 |   7815 |   2370 |   4 | 3534.2 |
     Snake Pit |   9433 |   8932 |    501 |   3822 |   2384 |   4 | 2358.2 |
  Orcish Mines |   3096 |   2997 |     99 |   1290 |   1056 |   2 | 1548.0 |
   Elven Halls |   7573 |   7214 |    359 |   3987 |   1312 |   3 | 2524.3 |
        Vaults |  10181 |   9714 |    467 |   4286 |   1605 |   4 | 2545.2 |
         Crypt |      3 |      3 |      0 |      0 |      0 |   1 |    3.0 |
        Depths |   3279 |   3084 |    195 |   1152 |    733 |   2 | 1639.5 |
        Bazaar |    334 |    334 |      0 |      0 |      0 |   1 |  334.0 |
      Ice Cave |   1633 |   1633 |      0 |   1261 |     18 |   1 | 1633.0 |
        Wizlab |   1350 |   1350 |      0 |    699 |     62 |   1 | 1350.0 |
               +--------+--------+--------+--------+--------+-----+--------+

Top non-repeatable levels by time:
   Elf:1: 5707 daAuts
Shoals:3: 5215 daAuts
    D:14: 4862 daAuts
    D:11: 3994 daAuts
  Lair:2: 3980 daAuts
Shoals:4: 3841 daAuts
  Lair:3: 3561 daAuts
Vaults:3: 3531 daAuts
Vaults:2: 3341 daAuts
Vaults:1: 3295 daAuts
  Lair:6: 3269 daAuts
Depths:1: 3220 daAuts
 Snake:4: 3176 daAuts
    D:12: 2959 daAuts
Shoals:2: 2949 daAuts
